Description

This is Game 1 in Platinum 1 of the ViBE Protoss B2GM 2021 series.

VOD

https://youtu.be/HWKZuoPJ7cU?t=21

Replay - Platinum 1 - PvZ - Game 1

Build Order

Get SALT Encoding   

  12  0:00  Probe  
  13  0:12  Probe  
  14  0:22  Pylon  
  14  0:25  Probe  
  15  0:40  Probe (Chrono Boost)  
  15  0:41  Gateway  
  16  0:52  Probe (Chrono Boost), Assimilator  
  17  1:00  Probe (Chrono Boost)  
  18  1:06  Probe  
  19  1:18  Probe  
  20  1:26  Nexus  
  20  1:31  Probe  
  21  1:49  Probe  
  21  1:53  Cybernetics Core  
  22  2:00  Assimilator  
  23  2:24  Pylon x2  
  23  2:30  Warp Gate  
  23  2:35  Stalker (Chrono Boost)  
  29  2:53  Robotics Facility  
  29  2:58  Sentry  
  32  2:59  Gateway  
  35  3:22  Pylon  
  36  3:28  Stalker  
  42  3:52  Immortal  
  49  4:12  Nexus  
  49  4:16  Pylon  
  49  4:20  Stalker x2  
  57  4:32  Observer, Assimilator x2  
  60  4:47  Stalker x2  
  64  4:53  Immortal  
  72  5:16  Twilight Council  
  72  5:17  Forge x2  
  75  5:31  Stalker x2  
  82  5:46  Gateway x2  
  85  5:51  Gateway  
  85  5:59  Protoss Ground Weapons Level 1, Protoss Ground Armor Level 1  
  85  6:02  Immortal  
  89  6:07  Charge (Chrono Boost)  
  92  6:13  Templar Archives  
  92  6:15  Zealot x2  
  96  6:24  Assimilator x2  
  102  6:42  Zealot x3  
  108  6:52  Nexus  
  111  7:11  High Templar x4  
  111  7:12  Zealot  
  111  7:13  Immortal  
  125  7:16  Archon x2  
  125  7:29  Gateway x3  
  131  7:37  Gateway  
  131  7:46  High Templar x4  
  131  7:48  Zealot  
  141  7:53  Archon x2  
  141  7:55  Immortal  
  148  8:03  Protoss Ground Armor Level 2 (Chrono Boost), Protoss Ground Weapons Level 2 (Chrono Boost), Assimilator x2  
  152  8:16  Zealot x3  
  159  8:22  High Templar x2  
  166  8:28  Archon  
  166  8:37  Nexus  
  180  8:53  Immortal  
  198  9:13  Archon x3  
  200  9:38  Robotics Facility  
  200  9:41  Gateway  
Spawning Tool Build Advisor. Get it on Overwolf

Analysis

*

Go to:

Details

  • Created by: Maxgy   
  • Published on: Apr 09, 2021
  • Modified on: Apr 09, 2021
  • Patch: 4.11.0
  • Difficulty: Easy
Show
View Real Time Build Order
Export as new Build Order

Comments (0)

There are no comments. Be the first!

Create an account to comment!